 Dungeon Crawl Stone Soup version 0.24.1-11-gbbbb2193e6 (webtiles) character file.

Game seed: 12222772394407965570, levelgen mode: deterministic

4670 Gwenloh the Protected (level 10, 0/86 HPs)
             Began as a Minotaur Fighter on May 14, 2020.
             Was a Believer of Qazlal.
             Slain by a six-headed hydra (3 damage)
             ... on level 1 of the Lair of Beasts.
             The game lasted 00:28:00 (8823 turns).

Gwenloh the Protected (Minotaur Fighter)            Turns: 8823, Time: 00:28:02

Health: 0/86       AC: 17    Str: 26    XL:     10   Next: 21%
Magic:  2/10       EV: 11    Int:  5    God:    Qazlal [**....]
Gold:   326        SH: 15    Dex: 13    Spells: 9/9 levels left

rFire    . . .     SeeInvis .   b - +1 flail (crush)
rCold    . . .     Gourm    .   c - +1 shield
rNeg     + . .     Faith    .   y - +0 chain mail
rPois    .         Spirit   .   (helmet restricted)
rElec    .         Reflect  .   (no cloak)
rCorr    .         Harm     .   K - +2 pair of gloves {archery}
MR       .....                  v - +1 pair of boots
Stlth    ..........             (no amulet)
HPRegen  0.24/turn              i - ring of positive energy
MPRegen  0.12/turn              r - ring of attention (curse)

@: mighty, studying Throwing
A: retaliatory headbutt, horns 2
a: Upheaval, Renounce Religion


You were on level 1 of the Lair of Beasts.
You worshipped Qazlal.
Qazlal was pleased with you.
You were not hungry.

You visited 3 branches of the dungeon, and saw 11 of its levels.

You collected 536 gold pieces.
You spent 210 gold pieces at shops.

Inventory:

Hand Weapons
 a - a +4 war axe
 b - a +1 flail of crushing (weapon)
 m - a +4 hand crossbow of flaming
 w - a +0 trident
Missiles
 e - 231 stones
 l - 3 boomerangs of dispersal
 u - 28 poisoned darts
 I - 4 boomerangs (quivered)
Armour
 c - a +1 shield (worn)
 v - a +1 pair of boots (worn)
 y - a +0 chain mail (worn)
 H - a +0 plate armour
 K - a +2 pair of gloves of archery (worn)
Jewellery
 i - a ring of positive energy (left hand)
 r - a cursed ring of attention (right hand)
Wands
 g - a wand of paralysis (7)
 C - a wand of iceblast (7)
 D - a wand of random effects (9)
Scrolls
 j - a scroll of blinking
 k - 9 scrolls of teleportation
 o - 2 scrolls of fog
 p - 3 scrolls of immolation
 t - 2 scrolls of amnesia
 E - 3 scrolls of remove curse
Potions
 n - a potion of curing {unknown}
 q - a potion of agility {unknown}
 s - 2 potions of brilliance {unknown}
 z - a potion of ambrosia {unknown}
 A - a potion of degeneration {unknown}
 G - a potion of flight {unknown}
 J - 2 potions of lignification {unknown}
 L - a potion of berserk rage {unknown}
Books
 B - a manual of Throwing
Comestibles
 f - 11 rations


   Skills:
 + Level 7.4 Fighting
 * Level 8.5 Axes
 + Level 5.6 Throwing
 * Level 8.9 Armour
 + Level 6.5 Dodging
 * Level 8.8 Shields
 + Level 2.1 Invocations


You had 9 spell levels left.
You didn't know any spells.
Your spell library was empty.

Dungeon Overview and Level Annotations

Branches:
Dungeon (8/15)             Temple (1/1) D:4            Lair (2/6) D:8
  Swamp: Lair:2-4    Shoals: Lair:2-4     Snake: Lair:2-4    Spider: Lair:2-4

Altars:
Ashenzari
Cheibriados
Dithmenos
Fedhas
Gozag
Hepliaklqana
Kikubaaqudgha
Makhleb
Nemelex Xobeh
Okawaru
Qazlal
Ru
Sif Muna
Trog
Uskayaw
Vehumet
Wu Jian
Xom
Yredelemnul
Zin
The Shining One

Shops:
D:7 =[

Portals:
Gauntlet: Lair:2

Annotations:
D:4 3 runed translucent doors, Sassenached's ghost, amateur KoCj


Innate Abilities, Weirdness & Mutations

You reflexively headbutt those who attack you in melee.
You have a pair of horns on your head.


Message History

You thump the six-headed hydra!
The six-headed hydra is heavily wounded.
The six-headed hydra bites you.
You block the six-headed hydra's attack. x2
The six-headed hydra bites you.
You block the six-headed hydra's attack.
The six-headed hydra bites you. The six-headed hydra bites you!
* * * LOW HITPOINT WARNING * * *
The six-headed hydra barely misses you. The six-headed hydra bites you!
* * * LOW HITPOINT WARNING * * *
The six-headed hydra bites you but does no damage. x2
The six-headed hydra bites you.
* * * LOW HITPOINT WARNING * * *
You thump the six-headed hydra!
Your headbutt misses the six-headed hydra.
The six-headed hydra is severely wounded.
The six-headed hydra bites you!
* * * LOW HITPOINT WARNING * * *
The six-headed hydra barely misses you. The six-headed hydra bites you.
You die... ... ... #.# .. #.# ...
P.P

#...# #.###.....
#.D......#
.########@.......##
..#...#....####...
......#.#.## #..#
......8...# #..#
..##.....## ###..# #
..#.......###....##P####
##.........#...........#
#......................#
#...#....##...###.......#


You could see a six-headed hydra.

Vanquished Creatures
  A two-headed ogre (D:8)
  A spriggan (D:7)
  Edmund (D:6)
  6 porcupines (D:8)
  3 ice beasts
  3 sky beasts
  3 orc warriors (D:7)
  4 phantoms
  4 ogres
  3 centaurs
  A crocodile (D:8)
  A big kobold (D:8)
  5 bullfrogs
  A wyvern zombie (D:6)
  A scorpion (D:7)
  2 howler monkeys
  A centaur zombie (D:8)
  A quasit (D:4)
  3 hounds
  7 orc priests
  2 iguanas
  3 orc wizards
  3 worker ants
  A killer bee zombie (D:6)
  9 adders
  2 shadow imps
  An ooze (D:6)
  An adder zombie (D:8)
  An adder skeleton (D:5)
  A dart slug (D:1)
  3 leopard geckos
  20 orcs
  A ball python (D:2)
  5 giant cockroaches
  6 goblins
  5 hobgoblins
  14 jackals
  7 quokkas
  5 bats
  6 frilled lizards
  8 kobolds
  A quokka skeleton (D:4)
  6 rats
163 creatures vanquished.

Vanquished Creatures (others)
  20 fungi (D:8)
  5 plants (D:8)
25 creatures vanquished.

Grand Total: 188 creatures vanquished

Notes
Turn   | Place    | Note
-------+----------+-------------------------------------------
     0 | D:1      | Gwenloh the Minotaur Fighter began the quest for the Orb.
     0 | D:1      | Reached XP level 1. HP: 19/19 MP: 0/0
   191 | D:1      | Reached XP level 2. HP: 27/27 MP: 1/1
   808 | D:2      | Reached XP level 3. HP: 30/33 MP: 2/2
  1520 | D:3      | Reached skill level 1 in Dodging
  1520 | D:3      | Reached XP level 4. HP: 25/40 MP: 3/3
  1801 | D:3      | Reached XP level 5. HP: 25/47 MP: 4/4
  2862 | D:4      | Found a staircase to the Ecumenical Temple.
  2874 | D:4      | Paralysed by an orc for 7 turns
  2888 | D:4      | Paralysed by an orc for 3 turns
  2892 | D:4      | Noticed a phantom
  2895 | D:5      | Entered Level 5 of the Dungeon
  3163 | D:4      | Reached XP level 6. HP: 32/55 MP: 5/5
  3168 | D:5      | Reached skill level 5 in Fighting
  3168 | D:5      | Reached skill level 5 in Armour
  3348 | D:4      | Reached skill level 5 in Shields
  3388 | D:4      | Reached XP level 7. HP: 39/61 MP: 6/6
  3616 | Temple   | Entered the Ecumenical Temple
  3734 | Temple   | Became a worshipper of Qazlal Stormbringer
  3938 | D:4      | Reached skill level 5 in Axes
  4258 | D:4      | Found a runed translucent gate.
  4258 | D:4      | Found a runed translucent gate.
  4258 | D:4      | Found a runed translucent gate.
  4260 | D:4      | Noticed Sassenached's ghost (amateur KoCj)
  4308 | D:5      | Reached skill level 1 in Throwing
  4572 | D:5      | Reached XP level 8. HP: 44/70 MP: 7/7
  4767 | D:5      | Reached * piety under Qazlal
  5198 | D:6      | Noticed Edmund
  5238 | D:6      | Killed Edmund
  5377 | D:6      | Found a glowing golden altar of the Shining One.
  5982 | D:6      | Reached skill level 5 in Dodging
  6304 | D:7      | Found Jira's Jewellery Shop.
  6325 | D:7      | Found Poukass's Antique Armour Shop.
  6355 | D:7      | Found an ancient bone altar of Kikubaaqudgha.
  6450 | D:7      | Reached XP level 9. HP: 76/78 MP: 8/8
  6458 | D:7      | Bought a pair of embroidered gloves for 210 gold pieces
  6472 | D:7      | Found a shimmering blue altar of Sif Muna.
  6689 | D:7      | Found a basalt altar of Yredelemnul.
  6690 | D:7      | Found a blossoming altar of Fedhas.
  7215 | D:7      | Reached ** piety under Qazlal
  7611 | D:8      | Found a bloodstained altar of Trog.
  7682 | D:8      | Reached skill level 1 in Invocations
  7731 | D:8      | Reached skill level 5 in Throwing
  8055 | D:8      | Noticed a two-headed ogre
  8069 | D:8      | Killed a two-headed ogre
  8069 | D:8      | Reached XP level 10. HP: 21/86 MP: 10/10
  8345 | D:8      | Found a staircase to the Lair.
  8676 | Lair:1   | Entered Level 1 of the Lair of Beasts
  8688 | D:8      | Identified a scroll of acquirement
  8757 | Lair:1   | You fall into a shaft and drop 1 floor!
  8761 | Lair:2   | Found a gate leading to a gauntlet.
  8773 | Lair:1   | Noticed a six-headed hydra
  8823 | Lair:1   | HP: 3/86 [six-headed hydra (8)]
  8823 | Lair:1   | Slain by a six-headed hydra

Levels and vault maps discovered:
D:1:      minmay_arrival_cross, layout_loops_ring, st_stairs_14,
          minmay_tetromino_s4
D:2:      layout_rooms
D:3:      layout_basic
D:4:      layout_rooms, minmay_temple_entry_slanted, first_ration,
          gammafunk_ghost_necromancy, minmay_manual_moon
D:5:      layout_loops_ring, serial_glass, glass_columns_a, glass_columns_c
D:6:      layout_basic, nicolae_overflow_crystal_walls, uniq_edmund
D:7:      layout_basic, gammafunk_temple_overflow_pools,
          grunt_temple_overflow_open, serial_shops, shop, nicolae_shop_crystal,
          chequers_serial_rivers_micro_a, nrook_loot_triangle,
          minmay_door_square, the_bakery
D:8:      layout_basic, marbit_many_paths, due_lair_maze_entry_diamond
Temple:   regret_index_temple_waves
Lair:1:   layout_small_grid, grunt_megastairs_5, serial_bayou_shore_b,
          serial_bayou_shore_b, lemuel_fruit_fields
Lair:2:   layout_loops_ring, palyth_hydra_swamp_entry, gauntlet_entry_generic

Skill      XL: |  1  2  3  4  5  6  7  8  9 |
---------------+----------------------------+-----
Axes           | 3 4 5 6 8 |  8.5
Fighting       | 4 5 6 7 |  7.4
Armour         | 4 5 6 7 8 |  8.9
Shields        | 4 5 6 7 8 |  8.8
Dodging        | 1 2 3 4 5 6 |  6.5
Throwing       | 1 3 5 |  5.6
Invocations    | 2 |  2.1

Action                   |  1- 3 |  4- 6 |  7- 9 | 10-12 || total
-------------------------+-------+-------+-------+-------++-------
Melee: War axe           |    72 |   106 |   284 |    22 ||   484
       Headbutt          |     7 |    14 |    57 |     2 ||    80
       Flail             |       |       |       |     6 ||     6
Throw: Stone             |    87 |    56 |   172 |       ||   315
       Throwing net      |     1 |       |     1 |       ||     2
       Boomerang         |       |       |    24 |     7 ||    31
Invok: Upheaval          |       |       |     1 |     2 ||     3
Evoke: Wand              |       |     1 |       |       ||     1
  Use: Scroll            |       |       |       |    17 ||    17
       Potion            |       |       |       |     1 ||     1
 Stab: Held in net/web   |       |       |     1 |       ||     1
  Eat: Chunk             |     2 |     6 |    12 |     2 ||    22
       Ration            |       |       |     1 |       ||     1
Armor: Scale mail        |    33 |    42 |    74 |       ||   149
       Chain mail        |       |       |    22 |    14 ||    36
Dodge: Dodged            |    22 |    25 |    92 |     8 ||   147
Block: Shield            |    35 |    52 |   146 |    34 ||   267
